 Dungeon Crawl Stone Soup version 0.28.0-53-g5a82cb258f (webtiles) character file.

Game seed: 13231319017481134968

60 ILmort the Sneak (level 3, -2/28 HPs)
             Began as a Vampire Brigand on Aug 5, 2022.
             Slain by a goblin
             ... wielding a +0 dagger
             ... led by Robin
              (3 damage)
             ... on level 3 of the Dungeon.
             The game lasted 00:08:05 (2138 turns).

ILmort the Sneak (Vampire Brigand)                  Turns: 2138, Time: 00:08:06

Health: -2/28      AC:  4    Str: 10    XL:     3   Next: 80%
Magic:  3/3        EV: 12    Int: 13    God:
Gold:   65         SH:  0    Dex: 17    Spells: 2/2 levels left

rFire   . . .      SeeInvis +   a - +2 dagger
rCold   . . .      Faith    .   (no shield)
rNeg    . . .      Spirit   .   b - +0 robe
rPois   .          Reflect  .   (no helmet)
rElec   .          Harm     .   c - +0 cloak
rCorr   .          Rampage  .   g - +0 pair of gloves
Will    .....                   (no boots)
Stlth   ++++......              (no amulet)
HPRegen 0.29/turn               (no ring)
MPRegen 0.08/turn               (no ring)

@: healing quickly
A: alive, fangs 3, see invisible, vampiric 2
a: Exsanguinate


You were on level 3 of the Dungeon.
You visited 1 branch of the dungeon, and saw 3 of its levels.

You collected 65 gold pieces.

Inventory:

Hand Weapons
 a - a +2 dagger (weapon)
 m - a +0 hunting sling
Missiles
 d - 10 poisoned darts (quivered)
 e - 2 curare-tipped darts
 n - 20 arrows
Armour
 b - a +0 robe (worn)
 c - a +0 cloak (worn)
 g - a +0 pair of gloves (worn)
Wands
 h - a wand of flame (23)
Scrolls
 f - 2 scrolls of teleportation
 i - a scroll of magic mapping {unknown}
 k - a scroll of immolation
Potions
 j - 2 potions of curing
 l - a potion of ambrosia


   Skills:
 + Level 2.6 Fighting
 + Level 3.1 Short Blades
 - Level 1.5 Throwing
 - Level 1.1 Dodging
 + Level 6.8 Stealth


You had 2 spell levels left.
You didn't know any spells.
Your spell library was empty.

Dungeon Overview and Level Annotations

Branches:
Dungeon (3/15)

Altars:
Vehumet

Annotations:
D:3 Robin


Innate Abilities, Weirdness & Mutations

Your natural rate of healing is accelerated.
You have razor-sharp teeth.
You have supernaturally acute eyesight. (SInv)
You are afflicted with vampirism and can become a bat while bloodless.


Message History

You hit Robin.
Robin is severely wounded.
Robin throws the goblin at you!
You hit Robin but do no damage.
Robin is severely wounded.
The goblin no longer looks unusually strong.
The goblin hits you but does no damage.
The goblin no longer looks unusually strong.
A goblin comes into view. It is wielding a +0 club.
Robin throws the goblin at you! The goblin hits you with a +0 dagger.
The goblin no longer looks unusually strong.
The hobgoblin hits you but does no damage.
Robin throws the goblin at you! The goblin barely misses you.
Robin roars a battlecry!
The goblins go into a battle-frenzy!
You closely miss the hobgoblin. You bite the hobgoblin.
The hobgoblin is moderately wounded.
The hobgoblin hits you. The goblin hits you with a +0 club.
Robin hits you with a +0 whip.
You hit Robin but do no damage.
Robin is severely wounded.
The hobgoblin closely misses you. x2; The goblin hits you with a +0 club.
* * * LOW HITPOINT WARNING * * *
You hit Robin but do no damage. You bite Robin, but do no damage.
Robin is severely wounded.
Robin throws the goblin at you!
* * * LOW HITPOINT WARNING * * *
The goblin hits you but does no damage. The hobgoblin barely misses you.
The goblin barely misses you. The goblin hits you but does no damage.
The hobgoblin hits you.
* * * LOW HITPOINT WARNING * * *
You hit Robin but do no damage.
Robin is severely wounded.
The goblin hits you with a +0 club.
* * * LOW HITPOINT WARNING * * *
Robin throws the goblin at you!
* * * LOW HITPOINT WARNING * * *
The goblin hits you with a +0 dagger.
You die...

#.#.#
####....................
#.#.#
......................
#.#.#
####..................
#.#.# #....................
#.#.####.#..........).....#
#.#......#................#
#..## ####........#########
#..†###.......ggg.######
#.......).....g@gg.....#
#....#........ggg......#
#......................#
#..#._.#.....###########
#............≈≈≈≈###
##...#.......≈≈≈≈≈≈#
#...........≈≈≈≈≈≈≈
##.###......#≈≈≈≈≈≈
#..........##≈≈≈≈≈


You could see Robin, 2 hobgoblins and 6 goblins.

Vanquished Creatures
  An adder (D:2)
  A worm (D:3)
  3 dart slugs (D:1)
  5 ball pythons
  3 endoplasms
  A giant cockroach (D:1)
  3 goblins
  6 hobgoblins
  4 jackals (D:2)
  3 bats
  4 frilled lizards
  3 kobolds
  2 rats (D:2)
39 creatures vanquished.

Vanquished Creatures (others)
  4 plants (D:1)
4 creatures vanquished.

Grand Total: 43 creatures vanquished

Notes
Turn   | Place    | Note
-------+----------+-------------------------------------------
     0 | D:1      | ILmort the Vampire Brigand began the quest for the Orb.
     0 | D:1      | Reached XP level 1. HP: 16/16 MP: 1/1
    80 | D:1      | Reached skill level 6 in Stealth
   197 | D:1      | Reached XP level 2. HP: 22/22 MP: 2/2
   759 | D:2      | Gained mutation: You are afflicted with vampirism and can
                  | become a bat while bloodless. [Vampire growth]
   759 | D:2      | Reached XP level 3. HP: 20/27 MP: 3/3
  1892 | D:3      | Found a radiant altar of Vehumet.
  1953 | D:3      | Noticed Robin
  2138 | D:3      | HP: 1/28 [Robin/goblin (2)]
  2138 | D:3      | Slain by a goblin

Illustrated notes

Levels and vault maps discovered:
D:1:      roderic_crop_circles_arrival_small, layout_rooms,
          minmay_misc_feat_nine_boxes
D:2:      layout_basic
D:3:      wander_river, layout_basic, vehumet_altar_wand_db, elyvilon_altar_5,
          uniq_robin

Skill      XL: |  1  2  3 |
---------------+----------+-----
Fighting       | 2 |  2.6
Stealth        | 6 |  6.8
Short Blades   | 3 |  3.1
Throwing       | |  1.5
Dodging        | |  1.1

Action                   || total
-------------------------++-------
Melee: Dagger            ||   130
       Bite              ||    16
       Punch             ||     1
  Use: Scroll            ||     5
 Stab: Sleeping          ||    15
       Distracted        ||     1
Armor: Robe              ||    29
Dodge: Dodged            ||    50
